[Event "*** Titled Tuesday Blitz"]
[Site "Chess.com"]
[Date "2018.01.02"]
[Round "1"]
[White "Incognito_Knight"]
[Black "rasool78"]
[Result "1-0"]
[WhiteElo "2522"]
[BlackElo "2227"]
[TimeControl "180+2"]
[EndTime "13:08:08 PST"]
[Termination "Incognito_Knight won on time"]

1. e4 g6 2. d4 Bg7 3. Nc3 c5 4.
dxc5 Bxc3+ 5. bxc3 Qa5 6. Qd4 Nf6 7. f3 Nc6 8. Qe3 b6 9. cxb6 axb6 10. Bd2 d6 11. c4 Qc5 12. Qxc5 bxc5 13. Bc3 Be6 14. a4 Na5 15. Bxa5 Rxa5 16. Kd2 O-O 17. Ne2 Bxc4 18. Nc3 Bxf1 19. Rhxf1 Rfa8 20. Rfb1 R8a7 21. f4 Kg7 22. Ra2 Ne8 23. Rab2 Nc7 24. Rb7 Ne6 25. Rxa7 Rxa7 26. g3 Nd4 27. Kd3 Nc6 28. Kc4 Nb4 29. Rb2 e6 30. Kb3 Kf6 31. Nb5 Ra6 32.
c3 Nd3 33. Rd2 d5 34. exd5 exd5 35. c4 dxc4+ 36. Kxc4 Ne1 37. Rd6+ Rxd6 38. Nxd6 Ke6 39. Ne4 Nf3 40. Ng5+ Kd6 41. Nxf3 1-0

[Event "*** Titled Tuesday Blitz"]
[Site "Chess.com"]
[Date "2018.01.02"]
[Round "1"]
[White "saraswathii"]
[Black "Keaton87"]
[Result "0-1"]
[WhiteElo "2268"]
[BlackElo "2549"]
[TimeControl "180+2"]
[EndTime "13:08:11 PST"]
[Termination "Keaton87 won by resignation"]

1. d4 Nf6 2. Bf4 d5 3. e3 c5 4. c3 Nc6 5. Nf3 Qb6 6. Qb3 c4 7. Qc2 Bf5 8. Qc1 Qd8 9. Nbd2 h6 10. h3 e6 11. Be2 Bd6 12. Bxd6 Qxd6 13. O-O O-O 14.
Re1 b5 15. a3 a5 16. Nh2 b4 17. Bf3 bxc3 18. bxc3 Bd3 19. e4 dxe4 20. Nxe4 Bxe4 21. Bxe4 Nxe4 22. Rxe4 Rab8 23. Nf3 Ne7 24. Ne5 Qd5 25. Rg4 Kh8 26. Rb1 Rb3 27. Rxb3 cxb3 28. c4 Qb7 29. Qb2 a4 30. d5 f6 31. d6 fxe5 32. dxe7 Qxe7 33.
Qxe5 Qf6 34. Qb5 Qxf2+ 35. Kh2 Qa7 36. c5 Qb8+ 37. Qxb8 Rxb8 38. c6 b2 39. c7 b1=Q 40. cxb8=Q+ Qxb8+ 41. Kg1 Qb3 42. Re4 Qxa3 43. Rxe6 Qc1+ 44.
Kh2 a3 0-1

[Event "*** Titled Tuesday Blitz"]
[Site "Chess.com"]
[Date "2018.01.02"]
[Round "1"]
[White "littleozy"]
[Black "Indianlad"]
[Result "1-0"]
[WhiteElo "2389"]
[BlackElo "2652"]
[TimeControl "180+2"]
[EndTime "13:08:12 PST"]
[Termination "littleozy won by resignation"]

1. d4 Nf6 2. c4 e6 3. Nf3 d5 4.
Nc3 c6 5. cxd5 exd5 6. Bf4 Bd6 7. Bg3 O-O 8. e3 Bg4 9. Bd3 Re8 10. O-O Bxf3 11. gxf3 Na6 12. Rc1 Nc7 13. Kh1 Bxg3 14. hxg3 Ne6 15. Kg2 c5 16. dxc5 Nxc5 17. Bb1 Rc8 18.
Rh1 h6 19. Ne2 Ne6 20. Qd3 Qb6 21. b3 a6 22. g4 Rcd8 23. Nf4 d4 24. Nxe6 Qxe6 25.
e4 Qe5 26. Rc4 Rd7 27. Rhc1 Red8 28. Rc5 Qf4 29. e5 Nd5 30. Qh7+ Kf8 31. Qh8+ Ke7 32. Qxg7 Qg5 33. Qxg5+ hxg5 34. Bf5 Nf4+ 35. Kf1 Rd5 36.
Rc7+ Kf8 37. Rxb7 Rb5 38. Rxb5 axb5 39. Rd1 d3 40. Ke1 Rd6 41. exd6 1-0

[Event "*** Titled Tuesday Blitz"]
[Site "Chess.com"]
[Date "2018.01.02"]
[Round "1"]
[White "TijanaBlagojevic"]
[Black "tigra"]
[Result "0-1"]
[WhiteElo "2376"]
[BlackElo "2670"]
[TimeControl "180+2"]
[EndTime "13:08:14 PST"]
[Termination "tigra won by resignation"]

1. d4 Nf6 2. c4 g6 3. Nf3 Bg7 4. g3 O-O 5. Bg2 d5 6. cxd5 Nxd5 7. O-O Nb6 8. Nc3 Nc6 9. e3 a5 10. Qe2 a4 11. Rd1 Ra5 12. Bd2 Rh5 13. Be1 Bd7 14.
d5 Ne5 15. Nxe5 Bxe5 16. f4 Bd6 17. e4 Qc8 18. Bf3 Bc5+ 19. Bf2 Bxf2+ 20. Qxf2 Bg4 21.
Rac1 Bxf3 22. Qxf3 Qh3 23. Rc2 Rd8 24. b3 axb3 25.
axb3 Nd7 26. Nb5 Nf6 27. Nxc7 Rc8 28. Qg2 Qxg2+ 29. Kxg2 Nxe4 30. Rdc1 Nd6 31. g4 Rh6 32. b4 g5 33. f5 Rh4 34. h3 h5 35. gxh5 Nxf5 36. Rc3 Rxb4 37. d6 Rb2+ 38. Kf3 Nxd6 39. Nd5 Rxc3+ 40. Rxc3 e6 41. Nf6+ Kg7 42. Ng4 Nf5 43.
h6+ Nxh6 44. Ne5 Kf6 45. Nd7+ Ke7 46. Nc5 Nf5 47. Ne4 Nd4+ 48. Kg4 f5+ 0-1

[Event "*** Titled Tuesday Blitz"]
[Site "Chess.com"]
[Date "2018.01.02"]
[Round "1"]
[White "ckgchess"]
[Black "goingin33"]
[Result "0-1"]
[WhiteElo "2493"]
[BlackElo "2234"]
[TimeControl "180+2"]
[EndTime "13:08:16 PST"]
[Termination "goingin33 won by resignation"]

1. e4 e6 2. d4 d5 3. Nd2 dxe4 4. Nxe4 Nd7 5. Nf3 Ngf6 6. Bd3 Nxe4 7. Bxe4 Nf6 8. Bd3 Be7 9. O-O O-O 10. Re1 b6 11. Qe2 Bb7 12. c3 c5 13. Ba6 Bxa6 14. Qxa6 Qc7 15.
h3 Nd5 16. Bd2 Rab8 17. Rad1 c4 18. Ne5 b5 19. a4 Rb6 20. Qa5 a6 21. axb5 axb5 22.
Ra1 Bd6 23. Nf3 Rfb8 24. Rec1 h6 25. Be1 Bf4 26. Bd2 Bd6 27. Be1 Nf4 28. Bd2 Ne2+ 29. Kf1 Nxc1 30. Rxc1 Qb7 31. Qa1 Ra6 32. Qb1 Rba8 33.
Qc2 Ra1 34. Qd1 Rxc1 35. Bxc1 Qe4 36. Be3 Qd3+ 37. Qxd3 cxd3 38. Ke1 Ra2 39. Bc1 Ra1 40. Kd1 Bf4 41. Nd2 h5 42. g3 Bh6 43. f4 h4 44.
Nb3 Rxc1+ 45. Nxc1 hxg3 0-1

[Event "*** Titled Tuesday Blitz"]
[Site "Chess.com"]
[Date "2018.01.02"]
[Round "1"]
[White "Quiet_Desperation"]
[Black "GMKrikor"]
[Result "0-1"]
[WhiteElo "2364"]
[BlackElo "2667"]
[TimeControl "180+2"]
[EndTime "13:08:29 PST"]
[Termination "GMKrikor won by resignation"]

1. e4 c5 2. Nf3 d6 3. d4 cxd4 4. Nxd4 Nf6 5. Nc3 a6 6. Be3 e5 7. Nb3 Be6 8. f3 h5 9. Qd2 Nbd7 10. Nd5 Bxd5 11. exd5 g6 12. O-O-O Qc7 13. Kb1 Rc8 14. c4 Bg7 15. Be2 b6 16. h4 a5 17. a4 Nc5 18.
Nxc5 bxc5 19. Ka2 Rb8 20. b3 O-O 21. Rb1 Rb4 22. Bh6 Rfb8 23. Bxg7 Kxg7 24. g4 Qb6 25.
Qc2 Re8 26. g5 Nd7 27. Bd3 Qd8 28. Rbe1 Rb7 29. Rhf1 Nb8 30. f4 Na6 31. Qc3 Nb4+ 32. Ka1 Nxd3 33. Qxd3 exf4 34. Qc3+ Kg8 35. Rxe8+ Qxe8 36.
Re1 Re7 37. Rxe7 Qxe7 38. Qxa5 f3 39. Qd2 Qe2 40. Qa5 f2 41. Qd8+ Kh7 0-1

[Event "*** Titled Tuesday Blitz"]
[Site "Chess.com"]
[Date "2018.01.02"]
[Round "1"]
[White "Andrejs_Sokolov"]
[Black "korason34"]
[Result "1-0"]
[WhiteElo "2621"]
[BlackElo "2328"]
[TimeControl "180+2"]
[EndTime "13:08:29 PST"]
[Termination "Andrejs_Sokolov won by resignation"]

1. d4 Nf6 2. Nf3 e6 3. g3 b6 4.
Bg2 Bb7 5. O-O c5 6. c4 cxd4 7. Qxd4 Be7 8. Nc3 O-O 9. Rd1 d6 10. b3 h6 11. Ba3 Ne8 12. Bb2 Nd7 13. Rac1 Rc8 14. Qd3 a6 15. Ne4 Qc7 16. e3 f5 17.
Nc3 Nef6 18. Qe2 Rfd8 19. Nd4 Nf8 20. e4 fxe4 21. Nxe4 Nxe4 22. Bxe4 Bxe4 23. Qxe4 Qd7 24. Re1 Bf6 25. Ba3 b5 26. Nxe6 Nxe6 27. Qxe6+ Qxe6 28.
Rxe6 bxc4 29. Rxc4 Rxc4 30. bxc4 Be5 31. f4 Kf7 32. f5 a5 33. Kg2 Rc8 34. c5 Bd4 35. cxd6 Rc2+ 36. Kf3 Rxa2 37. d7 Rxa3+ 38. Ke4 Bf6 39.
Rxf6+ Ke7 40. Rf7+ Kd8 41. Rxg7 Ra2 42. f6 Re2+ 43. Kd3 Rxh2 44. f7 Rf2 45. Rg8+ Kxd7 46. f8=Q Rxf8 47. Rxf8 Ke7 48. Ra8 1-0

[Event "*** Titled Tuesday Blitz"]
[Site "Chess.com"]
[Date "2018.01.02"]
[Round "1"]
[White "SabinaFoisor"]
[Black "GrigorGrigorov"]
[Result "0-1"]
[WhiteElo "2316"]
[BlackElo "2609"]
[TimeControl "180+2"]
[EndTime "13:08:29 PST"]
[Termination "GrigorGrigorov won by checkmate"]

1. d4 Nf6 2. c4 e6 3. Nf3 b6 4. g3 Bb7 5. Bg2 Be7 6. O-O O-O 7.
b3 d5 8. Bb2 Nbd7 9. cxd5 exd5 10. Nbd2 Re8 11. Rc1 Nf8 12. Ne5 c5 13. Ndf3 Ne6 14.
e3 Ne4 15. Qd3 a5 16. Rfd1 a4 17. Nd2 axb3 18. axb3 cxd4 19. Nxe4 dxe4 20. Bxe4 Bxe4 21. Qxe4 Bd6 22. Nc6 Qd7 23. Nxd4 Ng5 24. Qg2 Qg4 25. h4 Ne4 26. Nb5 Bc5 27. Nc7 Rad8 28. Nxe8 Rxd1+ 29. Rxd1 Qxd1+ 30. Kh2 Qc2 31. Bxg7 Nxf2 32. Bd4 Ng4+ 33.
Kh3 Qf5 34. Qa8 Nxe3+ 35. Kh2 Qf2+ 36. Kh3 Qf1+ 37. Kh2 Ng4# 0-1

[Event "*** Titled Tuesday Blitz"]
[Site "Chess.com"]
[Date "2018.01.02"]
[Round "1"]
[White "Genghis_K"]
[Black "LawrenceTrent"]
[Result "0-1"]
[WhiteElo "2637"]
[BlackElo "2379"]
[TimeControl "180+2"]
[EndTime "13:08:32 PST"]
[Termination "LawrenceTrent won by resignation"]

1. e4 e5 2. Nf3 Nc6 3. Bb5 a6 4.
Ba4 Nf6 5. O-O Bc5 6. Bxc6 dxc6 7.
d3 Bd6 8. Nbd2 O-O 9. Nc4 Nd7 10. Bd2 f6 11. Nh4 Nc5 12. Qf3 Ne6 13. Nf5 g6 14.
Nfxd6 cxd6 15. Ba5 Qe7 16. Nb6 Rb8 17. Bd2 f5 18.
Nxc8 Rbxc8 19. c3 Qf7 20. Rad1 f4 21. Bc1 c5 22. Qg4 h5 23. Qe2 f3 24. Qxf3 Qxf3 25. gxf3 Rxf3 26. Kg2 Rcf8 27. Be3 R3f7 28. f3 g5 29. h3 Kh7 30. a3 Kg6 31. b4 cxb4 32.
axb4 Rc8 33. c4 b5 34. Rc1 Rfc7 35. Rfd1 Kf6 36. Ra1 Rc6 37. cxb5 axb5 38. Ra5 Rc2+ 39. Kf1 Rh2 40. Bg1 Rxh3 41. Rxb5 Rc2 42. Rd5 Rxf3+ 43. Ke1 Rg3 44. Bb6 Rh3 45. Kf1 Ke7 46. Kg1 Nf4 47. Bf2 Nxd5 48. exd5 Rc3 49. Rb1 Rhxd3 50. Ra1 Ra3 0-1

[Event "*** Titled Tuesday Blitz"]
[Site "Chess.com"]
[Date "2018.01.02"]
[Round "1"]
[White "Kacparov"]
[Black "evgenysharapov"]
[Result "1-0"]
[WhiteElo "2655"]
[BlackElo "2356"]
[TimeControl "180+2"]
[EndTime "13:08:32 PST"]
[Termination "Kacparov won by resignation"]

1. e4 c5 2. Nf3 d6 3. d4 cxd4 4.
Nxd4 Nf6 5. f3 e6 6. c4 Be7 7.
Nc3 O-O 8. Be3 Nbd7 9. Qd2 d5 10. cxd5 exd5 11. exd5 Nb6 12. d6 Bxd6 13. Ndb5 Bb4 14. Qxd8 Rxd8 15. a3 Bxc3+ 16. Nxc3 Nbd5 17. Nxd5 Nxd5 18. Bd2 Be6 19. Rc1 Rac8 20. Rxc8 Rxc8 21. Bd3 Nb6 22. Kf2 Bc4 23. Be4 Bd5 24. Bb1 Nc4 25. Bc1 b5 26. Rd1 Be6 27. Be4 f5 28. Bb7 Rb8 29. Bc6 Kf7 30. h4 Rb6 31. Bd7 Rb7 32. Bxe6+ Kxe6 33. b3 Na5 34. Rd3 Rd7 35. Re3+ Kf7 36. Rc3 g6 37. Be3 Ke6 38. Ke2 a6 39. Bb6 Nb7 40. Bc7 Kd5 41. b4 Re7+ 42. Kd2 Rd7 43. Bf4 Nd6 44. Rc5+ Ke6 45. Rc6 Ke7 46. Ke2 Nc4 47. Rxa6 Rd4 48.
Bc1 Rd7 49. h5 gxh5 50. Rh6 Ke8 51. Rxh5 Re7+ 52. Kd3 Rd7+ 53. Ke2 Re7+ 54. Kf2 Rf7 55. Rh6 Kd7 56. Ra6 Ke8 57. Ra8+ Ke7 58. Rb8 Nd6 59.
Bf4 1-0

[Event "*** Titled Tuesday Blitz"]
[Site "Chess.com"]
[Date "2018.01.02"]
[Round "1"]
[White "jcibarra"]
[Black "Zufi1811"]
[Result "1-0"]
[WhiteElo "2726"]
[BlackElo "2394"]
[TimeControl "180+2"]
[EndTime "13:08:36 PST"]
[Termination "jcibarra won by resignation"]

1. e4 c5 2. Nf3 d6 3. d4 cxd4 4. Nxd4 Nf6 5. Nc3 a6 6. Be3 e5 7. Nf3 Be7 8. Bc4 O-O 9. O-O Be6 10. Qe2 Qc7 11. Bxe6 fxe6 12. Ng5 Qc8 13. Na4 Bd8 14. f4 exf4 15. Bxf4 e5 16. Be3 h6 17. Nh3 b5 18.
Nc3 Nbd7 19. Rad1 Qc6 20. Nf2 Bb6 21. a3 Rac8 22. h3 Bxe3 23. Qxe3 Nb6 24. Rd3 a5 25. b3 b4 26. axb4 axb4 27. Na2 Qxc2 28. Qxb6 Qxa2 29. Qxb4 Rc2 30. Qxd6 Re2 31. Rf3 Re8 32. Rxf6 gxf6 33. Qxf6 Rf8 34. Qg6+ Kh8 35. Qxh6+ Kg8 36. Qg5+ Kh7 37. Qh5+ Kg8 38. Qg4+ Kh7 39. Qh4+ Kg8 40. Qg3+ Kh7 41. Rc1 Rexf2 42. Rc7+ R2f7 43.
Qh4+ Kg8 44. Qg5+ Kh7 45. Qh5+ Kg8 46. Qg6+ Kh8 47. Rxf7 Rxf7 48. Qxf7 Qb1+ 49. Kh2 Qxe4 50. Qc4 Qe3 51. Qh4+ Kg7 52. Qg3+ 1-0

[Event "*** Titled Tuesday Blitz"]
[Site "Chess.com"]
[Date "2018.01.02"]
[Round "1"]
[White "Korchmar_Vasiliy"]
[Black "Al_Shima"]
[Result "1-0"]
[WhiteElo "2506"]
[BlackElo "2207"]
[TimeControl "180+2"]
[EndTime "13:08:44 PST"]
[Termination "Korchmar_Vasiliy won by resignation"]

1. d4 Nf6 2. Nf3 e6 3. Bf4 b6 4.
e3 Bb7 5. Nbd2 Be7 6. h3 O-O 7.
Bd3 c5 8. c3 Nc6 9. a3 d5 10. O-O Qc8 11. Ne5 Nxe5 12. Bxe5 Ba6 13. Qe2 Bxd3 14. Qxd3 c4 15. Qc2 Nd7 16. Bg3 f5 17. f3 Bg5 18. Rae1 Qc6 19. e4 Bxd2 20. exd5 exd5 21. Qxd2 Rae8 22. Qf4 g6 23. h4 Nf6 24.
Qg5 Rxe1 25. Rxe1 Re8 26. Rxe8+ Nxe8 27. Qe7 a6 28. Be5 Qb5 29. h5 gxh5 30. Qe6+ Kf8 31. Qxf5+ Ke7 32. Qxh7+ Kd8 33. Qxh5 Qxb2 34. Qg5+ Kd7 35.
Qe3 Qxa3 36. f4 Qa1+ 37. Kh2 Qd1 38. Qh3+ Ke7 39. f5 Qf1 40. Qh7+ Kd8 41. Qf7 a5 42.
Qxd5+ Ke7 43. Qe6+ Kf8 44. f6 Nxf6 45. Bxf6 Qf4+ 46. Kh3 Qh6+ 47. Kg3 Qg6+ 48. Kf4 Qxg2 49. Qe7+ Kg8 50. Qe8+ Kh7 51. Qh8+ Kg6 52. Qg7+ 1-0

[Event "*** Titled Tuesday Blitz"]
[Site "Chess.com"]
[Date "2018.01.02"]
[Round "1"]
[White "PinguInTheCity"]
[Black "grzechu96"]
[Result "1-0"]
[WhiteElo "2096"]
[BlackElo "2433"]
[TimeControl "180+2"]
[EndTime "13:08:44 PST"]
[Termination "PinguInTheCity won by resignation"]

1. Nf3 Nf6 2. d4 g6 3. Bg5 Bg7 4. Nbd2 d5 5. e3 O-O 6. c3 b6 7. Bd3 Bb7 8. h3 c5 9. O-O Nbd7 10. Qe2 a6 11. Rad1 Qe8 12. Bf4 Ne4 13. Bh2 h6 14. Bc2 Rc8 15. Nxe4 dxe4 16. Nd2 f5 17. a4 Kh7 18.
Bb3 e5 19. Nc4 Qe7 20. dxe5 Bc6 21. e6 Qxe6 22. Na5 Qe8 23. Nxc6 Rxc6 24. Qxa6 Ne5 25. Bxe5 Qxe5 26. Rd7 Rc7 27. Rfd1 f4 28. exf4 Qxf4 29. Qe2 Kh8 30. Rxc7 Qxc7 31. Qxe4 Rf6 32. g3 h5 33. h4 Bh6 34. Bc4 Bf8 35. Kg2 Bd6 36. Rd2 Kg7 37.
Re2 Rf8 38. Bd3 Rf6 39. Qc4 Qc6+ 40. Be4 Qc8 41. Rd2 Qg4 42. Bd5 Qf5 43. Qe4 Qd7 44.
Re2 Qc7 45. Qe8 Rf8 46. Qc6 Qd8 47. Re6 Rf6 48. Qb7+ Rf7 49. Qxf7+ Kxf7 50. Rxd6+ Ke7 51. Rxd8 Kxd8 52. Bf7 1-0

[Event "*** Titled Tuesday Blitz"]
[Site "Chess.com"]
[Date "2018.01.02"]
[Round "1"]
[White "gmcorrales"]
[Black "dawtonlms"]
[Result "0-1"]
[WhiteElo "2701"]
[BlackElo "2403"]
[TimeControl "180+2"]
[EndTime "13:08:47 PST"]
[Termination "dawtonlms won by resignation"]

1. c4 Nf6 2. Nc3 e6 3. e4 d5 4. e5 d4 5. exf6 dxc3 6. dxc3 Qxd1+ 7. Kxd1 gxf6 8. g3 Nc6 9. Bg2 Bd7 10. Kc2 O-O-O 11.
Ne2 Ne5 12. b3 Bc5 13. Nd4 Ng4 14. f3 Ne5 15. Bh6 Rhg8 16. Rad1 Nc6 17. Ne2 e5 18. b4 Bf5+ 19. Kb2 Bd6 20. g4 Be6 21. c5 Be7 22. Ng3 f5 23. gxf5 Rxd1 24. Rxd1 Bxf5 25. Nxf5 Rxg2+ 26.
Kb3 Bf6 27. h4 a6 28. a4 Rf2 29. Rd3 Ne7 30. Be3 Rxf3 31. Nxe7+ Bxe7 32. Kc4 e4 33. Rd5 Rxe3 34. Rh5 Rh3 35. Rxh7 Rxh4 36. Rxf7 Kd7 37. Kd5 e3 38. Rf3 Rh5+ 39. Kd4 Bg5 40. Kd3 Rh7 41.
Rf5 Bh6 42. Rh5 Rh8 43. Ke2 Bg7 44. Rg5 Bxc3 45. b5 axb5 46. axb5 Bd2 47. Rg7+ Kc8 48. c6 bxc6 49. bxc6 Kb8 50. Rg5 Rh6 51. Rb5+ Kc8 52. Rc5 Kd8 53. Rd5+ Rd6 54. Rc5 Ke7 55. Re5+ Re6 56.
Rc5 Kd6 57. Rc4 Re5 58. Rh4 Kxc6 59. Rh6+ Kd5 60. Rh4 c5 61. Rh8 Re6 62. Rd8+ Rd6 63. Ra8 c4 64. Ra4 Kd4 65. Ra7 Bb4 66. Rb7 Bc5 67.
Rh7 Kc3 68. Rh5 Rd2+ 69. Ke1 Bd4 70. Ra5 Kd3 71. Ra3+ Bc3 72. Kf1 e2+ 73. Kf2 e1=Q+ 74. Kxe1 Ra2+ 0-1

[Event "*** Titled Tuesday Blitz"]
[Site "Chess.com"]
[Date "2018.01.02"]
[Round "1"]
[White "Maili15"]
[Black "Robin-Side"]
[Result "0-1"]
[WhiteElo "2298"]
[BlackElo "2589"]
[TimeControl "180+2"]
[EndTime "13:08:47 PST"]
[Termination "Robin-Side won by resignation"]

1. d4 g6 2. c4 Bg7 3. Nc3 e6 4. e4 Ne7 5. f4 d5 6. cxd5 exd5 7. e5 O-O 8. Nf3 f6 9. Be2 fxe5 10. fxe5 c5 11. Bg5 cxd4 12. Bxe7 Qxe7 13. Nxd5 Qc5 14.
Rc1 Qa5+ 15. Kf1 Nc6 16. b4 Nxb4 17. Nxb4 Qxb4 18. Bc4+ Kh8 19. Qxd4 Be6 20. Ke2 Bxc4+ 21. Rxc4 Qa5 22. Rhc1 Rae8 23. Rc5 Qxa2+ 24. R1c2 Qb1 25. Kd2 Qf1 26. Kc3 b6 27. Rd5 Rc8+ 28. Kb2 Rxc2+ 29. Kxc2 Qxg2+ 30. Nd2 Qxh2 31. Rd8 Qh3 32. Rxf8+ Bxf8 33. e6+ Kg8 34. Qc4 Qf5+ 35. Kc1 Qc5 36. Qxc5 Bxc5 37. Nc4 Kf8 38. Ne5 Ke7 39. Nc6+ Kxe6 40. Nxa7 h5 41. Nb5 h4 42. Kd2 Kf5 43. Ke2 g5 44. Kf1 g4 45. Nc3 Kf4 46. Nd5+ Kf3 47. Nf6 g3 0-1

[Event "*** Titled Tuesday Blitz"]
[Site "Chess.com"]
[Date "2018.01.02"]
[Round "1"]
[White "danir29"]
[Black "PowerThinking2650"]
[Result "1-0"]
[WhiteElo "2494"]
[BlackElo "2200"]
[TimeControl "180+2"]
[EndTime "13:08:50 PST"]
[Termination "danir29 won on time"]

1. d4 Nf6 2. Bf4 g6 3. e3 Bg7 4.
Nf3 O-O 5. Be2 d6 6. h3 b6 7. a4 a6 8. O-O Bb7 9. c3 Nbd7 10. Bh2 Ne4 11. Nbd2 e5 12. Nxe4 Bxe4 13. Nd2 Bb7 14. Bf3 Qc8 15. b4 h6 16. Re1 f5 17. Qb3+ Kh7 18.
dxe5 Nxe5 19. Bxe5 Bxe5 20. Rad1 Bg7 21. Qc4 b5 22.
axb5 axb5 23. Qxb5 Bxf3 24. Nxf3 Bxc3 25. Re2 Rb8 26.
Qc4 Bxb4 27. e4 fxe4 28. Rxe4 Qd7 29. Nd4 Bc5 30. Ne6 Bxf2+ 31. Kh1 Rf7 32. Qe2 Bb6 33. h4 Rg8 34. h5 Qe7 35. Rf1 Rxf1+ 36. Qxf1 gxh5 37. Qf5+ 1-0

[Event "*** Titled Tuesday Blitz"]
[Site "Chess.com"]
[Date "2018.01.02"]
[Round "1"]
[White "GGuseinov"]
[Black "ajkom197"]
[Result "1-0"]
[WhiteElo "2626"]
[BlackElo "2336"]
[TimeControl "180+2"]
[EndTime "13:08:54 PST"]
[Termination "GGuseinov won by resignation"]

1. e4 c6 2. d4 d5 3. Nd2 dxe4 4.
Nxe4 Nd7 5. Nf3 Ngf6 6. Ng3 c5 7. c3 e6 8. Bd3 Qc7 9. O-O a6 10. Qe2 b6 11. Ne5 Bb7 12. Re1 Nxe5 13. dxe5 Nd5 14.
f4 g6 15. c4 Nb4 16. Be4 Be7 17. Bxb7 Qxb7 18. Ne4 O-O-O 19. b3 Rd7 20. Rf1 Rhd8 21. Bb2 h5 22. Bc3 Nc6 23. Rae1 Nd4 24. Bxd4 Rxd4 25. Rf3 Qc6 26. a4 Kb7 27. Re3 R8d7 28. Ra1 a5 29. Re1 Ka7 30. g3 Kb7 31. h3 Ka7 32. Qf3 Qc8 33.
Nc3 Rd2 34. R1e2 Qd8 35. Rxd2 Rxd2 36. Ne4 Rd1+ 37. Kg2 Rb1 38. Rd3 Qc7 39. Nc3 Rb2+ 40. Kg1 Kb8 41. Nb5 Qc8 42. h4 Rb1+ 43. Kf2 Rb2+ 44. Kg1 Rb1+ 45. Kf2 Rxb3 46. Rxb3 1-0

[Event "*** Titled Tuesday Blitz"]
[Site "Chess.com"]
[Date "2018.01.02"]
[Round "1"]
[White "LazarusIcarus"]
[Black "chidori_boruto"]
[Result "0-1"]
[WhiteElo "2229"]
[BlackElo "2522"]
[TimeControl "180+2"]
[EndTime "13:08:54 PST"]
[Termination "chidori_boruto won by resignation"]

1. e4 c6 2. d4 d5 3. e5 Bf5 4. h4 h5 5. Bd3 Bxd3 6. Qxd3 e6 7. Bg5 Qa5+ 8. Nd2 Qa6 9. c4 Nd7 10. Ngf3 Nb6 11. b3 Ne7 12. O-O Nf5 13. Qc2 Be7 14. Bxe7 Kxe7 15. c5 Nd7 16. b4 b6 17. a4 bxc5 18.
dxc5 Rab8 19. Rfb1 Qe2 20. Re1 Qa6 21. Reb1 Qe2 22.
Re1 Qa6 23. Reb1 Rhc8 24. Qc3 Rc7 25. Nb3 Qe2 26. Re1 Qc4 27. Qxc4 dxc4 28. Na5 Rxb4 29. Reb1 Rxb1+ 30. Rxb1 Nxc5 31. Nxc4 Nxa4 32. Rb8 c5 33. Nfd2 Nxh4 34. Ne4 f6 35. Ned6 fxe5 36. Nc8+ Kf6 37. N8d6 Rd7 38. Rf8+ Kg5 39. Nxe5 Rxd6 40. Nf7+ Kg6 41.
Nxd6 Nb6 42. Rf7 Nf5 43. Rxa7 Nxd6 44. Ra6 Ndc8 45. Kf1 Kf5 46. Ke2 Ke5 47. Ke3 Kd5 48. Kd3 c4+ 49. Kc3 Kc5 50. Ra5+ Kc6 51. Rxh5 Nd6 52. Rg5 Ne4+ 0-1

[Event "*** Titled Tuesday Blitz"]
[Site "Chess.com"]
[Date "2018.01.02"]
[Round "1"]
[White "LuisFSiles"]
[Black "kleinebeer98"]
[Result "0-1"]
[WhiteElo "2209"]
[BlackElo "2505"]
[TimeControl "180+2"]
[EndTime "13:08:57 PST"]
[Termination "kleinebeer98 won by resignation"]

1. e4 e5 2. Nf3 Nc6 3. Bc4 Nf6 4. d3 h6 5. O-O d6 6. a4 a5 7. c3 g6 8. Re1 Bg7 9. Nbd2 O-O 10. h3 Kh8 11. d4 Nh5 12. Nf1 Qf6 13. Ne3 exd4 14. Nd5 Qd8 15. cxd4 Be6 16. Ra3 Nb4 17. Ne3 Re8 18.
Ng4 Bxc4 19. Nxh6 Qd7 20. g4 Nf6 21. e5 Nfd5 22. Bg5 Kh7 23. Qc1 Ba6 24. Bd2 Bxh6 25.
Bxh6 Nd3 26. Rxd3 Bxd3 27. Ng5+ Kg8 28. Qd2 Ba6 29. Qc2 dxe5 30. dxe5 Nf4 31. Ne4 Nxh3+ 32. Kh2 Re6 33. Kxh3 Rae8 34. Rd1 Qc6 35. Qxc6 Rxc6 36.
Nf6+ Rxf6 37. exf6 Bc4 38. Bg7 Bb3 39. Rd3 Bxa4 40.
Kg2 Bc6+ 41. Kf1 Bb5 42. Kg2 Bxd3 0-1

[Event "*** Titled Tuesday Blitz"]
[Site "Chess.com"]
[Date "2018.01.02"]
[Round "1"]
[White "filali-oujda"]
[Black "gkchesstiger"]
[Result "1/2-1/2"]
[WhiteElo "2334"]
[BlackElo "2598"]
[TimeControl "180+2"]
[EndTime "13:08:58 PST"]
[Termination "Game drawn by agreement"]

1. e4 c5 2. Nc3 e6 3. g3 d5 4. exd5 exd5 5. d3 Nf6 6. Bg2 Bg4 7. Nge2 Nc6 8. Bg5 d4 9. Ne4 Be7 10. h3 Bf5 11. Bxf6 Bxf6 12. Nxf6+ Qxf6 13. O-O O-O 14. Nf4 Rae8 15. Re1 Bd7 16. Qh5 b6 17. Nd5 Qd6 18.
a3 h6 19. Kh2 Rxe1 20. Rxe1 Re8 21. Rxe8+ Bxe8 22. f4 Kf8 23. f5 f6 24. Qe2 Qe5 25. Be4 Ne7 26. Qf3 Nxd5 27. Bxd5 Bd7 28. Be4 Ke7 29.
Kg2 Kd6 30. Qg4 g5 31. Qf3 a5 32. b3 a4 33. bxa4 Bxa4 34. Qd1 Kc7 35. Qb1 Bc6 36. Qe1 Bxe4+ 37. dxe4 c4 38. Kf3 h5 39. Qb4 g4+ 40. hxg4 hxg4+ 41. Kf2 b5 42. Qa5+ Kb7 43. a4 bxa4 44.
Qxe5 fxe5 45. f6 a3 46. f7 a2 47. f8=Q a1=Q 48. Qb4+ Ka7 49. Qc5+ Kb7 50. Qb5+ Ka7 51. Qc5+ Kb7 52. Qb5+ 1/2-1/2

[Event "*** Titled Tuesday Blitz"]
[Site "Chess.com"]
[Date "2018.01.02"]
[Round "1"]
[White "tango_argentino"]
[Black "Hanging_pointer"]
[Result "1-0"]
[WhiteElo "2520"]
[BlackElo "2228"]
[TimeControl "180+2"]
[EndTime "13:08:58 PST"]
[Termination "tango_argentino won by checkmate"]

1. e4 c5 2. a3 g6 3. Bc4 Bg7 4.
Nc3 Nc6 5. d3 e6 6. Ba2 Nge7 7. h4 h6 8. h5 g5 9. f4 f6 10. Be3 Nd4 11. Nf3 Nec6 12. b4 b6 13. b5 Nxf3+ 14. Qxf3 Nd4 15. Qf2 O-O 16. f5 Kh8 17. g4 Qc7 18. Kd2 Qe5 19. a4 Bb7 20. Bxd4 cxd4 21. Ne2 Rfc8 22. Qxd4 Qc7 23. c3 e5 24. Qc4 Qd6 25. Qb4 Qc7 26. Qe7 Re8 27. Qf7 Rf8 28. Qc4 Qd6 29. Rhc1 Rfc8 30. Qb4 Qc7 31. Qe7 Re8 32. Qf7 Rf8 33. Qc4 Qd8 34. Ke3 Rc8 35. Qb4 d5 36. exd5 Bxd5 37. Bxd5 Qxd5 38. Qe4 Qc5+ 39. Kf3 Rfd8 40. d4 exd4 41. cxd4 Qb4 42. Rxc8 Rxc8 43. Rc1 Rd8 44. Rc7 Qxa4 45. Rxg7 Qb3+ 46. Kg2 Qxb5 47. Qe7 Qd5+ 48. Kg1 Rg8 49. Rh7# 1-0

[Event "*** Titled Tuesday Blitz"]
[Site "Chess.com"]
[Date "2018.01.02"]
[Round "1"]
[White "Tash_Boy"]
[Black "Opening_Prep"]
[Result "1/2-1/2"]
[WhiteElo "2523"]
[BlackElo "2259"]
[TimeControl "180+2"]
[EndTime "13:08:59 PST"]
[Termination "Game drawn - insufficient material"]

1. e4 c6 2. d4 d5 3. Nd2 dxe4 4.
Nxe4 Bf5 5. Ng3 Bg6 6. Nh3 Nf6 7. Nf4 e5 8. dxe5 Qa5+ 9. Bd2 Qxe5+ 10. Be2 Be7 11.
O-O O-O 12. Nxg6 hxg6 13. Bc3 Qc7 14. Bf3 Nbd7 15. Re1 Rfe8 16. Qd2 Rad8 17. Rad1 Nb6 18. Qc1 Nbd5 19. Be5 Bd6 20. Bxd6 Rxe1+ 21. Rxe1 Qxd6 22. c3 Re8 23. Rxe8+ Nxe8 24. Ne4 Qe7 25. Qd2 Nef6 26. Ng5 Qe5 27. h4 b5 28. g3 Kf8 29. Kg2 Ke7 30. a4 a6 31. axb5 axb5 32. Qd1 Nd7 33. Qa1 f6 34. Qa3+ Qd6 35. Bxd5 Qxa3 36. bxa3 cxd5 37.
Nf3 Kd6 38. Nd4 Kc5 39. Ne6+ Kc4 40. Nxg7 Kxc3 41. g4 Ne5 42. h5 Nxg4 43. hxg6 Ne5 44. Ne6 Nxg6 45. Kf3 Ne5+ 46. Ke2 Nc4 47. Nc7 Nxa3 48.
Nxd5+ Kd4 49. Nxf6 b4 50. Kd2 b3 51. Kc1 Nc4 52. f4 Ke3 53. f5 Kf4 54. Nd5+ Kxf5 55.
Ne3+ Nxe3 56. Kb2 Nd5 57. Kxb3 1/2-1/2

[Event "*** Titled Tuesday Blitz"]
[Site "Chess.com"]
[Date "2018.01.02"]
[Round "1"]
[White "tomsishere"]
[Black "Vincent_Vega95"]
[Result "0-1"]
[WhiteElo "2271"]
[BlackElo "2562"]
[TimeControl "180+2"]
[EndTime "13:09:02 PST"]
[Termination "Vincent_Vega95 won by resignation"]

1. d4 Nf6 2. c4 g6 3. f3 Bg7 4.
e4 O-O 5. Ne2 d6 6. Nbc3 c5 7.
d5 e6 8. Ng3 exd5 9. cxd5 a6 10. a4 Nbd7 11. Be2 h5 12. O-O Nh7 13. Be3 Ne5 14.
h3 h4 15. Nh1 f5 16. f4 Nf7 17. exf5 Bxf5 18. Nf2 Qe7 19. Qd2 Rfe8 20. Ncd1 Nf6 21. Ra3 Ne4 22. Nxe4 Bxe4 23. Nf2 Bf5 24. Bg4 b5 25. axb5 axb5 26. Rxa8 Rxa8 27. Bxf5 gxf5 28. Re1 Qf6 29. Nd1 Ra1 30. b3 Rb1 31. Qc2 Qa1 32.
Bf2 Rc1 33. Qe2 Qf6 34. Qxb5 Bh6 35. Qe8+ Kg7 36. Qe3 Rc2 37. Qd3 Rc1 38. Ne3 Rxe1+ 39. Bxe1 Kg6 40. Ng4 Qa1 41. Kf1 Bxf4 42. Ne3 Qe5 43.
Nc4 Qe7 44. Qf3 Bg5 45. Bf2 Ne5 46. Nxe5+ Qxe5 47. Kg1 Qa1+ 48. Kh2 Qe5+ 49. Kg1 Qe4 50. Kh2 Bf4+ 51. Kg1 Qb1+ 0-1